 Dungeon Crawl Stone Soup version 0.25-a0-576-g50b708a4c4 (webtiles) character file.

Game seed: 8379680029631653717, levelgen mode: deterministic

42 Flugslaktarn the Shield-Bearer (level 3, -1/34 HPs)
             Began as a Deep Dwarf Fighter on Mar 1, 2020.
             Slain by a gnoll
             ... wielding a +0 halberd
              (13 damage)
             ... on level 4 of the Dungeon.
             The game lasted 00:00:10 (151 turns).

Flugslaktarn the Shield-Bearer (Deep Dwarf Fighter)  Turns: 151, Time: 00:00:11

Health: -1/34      AC:  6    Str: 20    XL:     3   Next: 33%
Magic:  3/3        EV:  7    Int:  8    God:
Gold:   25         SH:  9    Dex: 12    Spells: 2/2 levels left

rFire    . . .     SeeInvis .   a - +0 war axe
rCold    . . .     Gourm    .   c - +0 kite shield
rNeg     . . .     Faith    .   b - +0 scale mail
rPois    .         Spirit   .   (no helmet)
rElec    .         Reflect  .   (no cloak)
rCorr    .         Harm     .   (no gloves)
MR       .....                  (no boots)
Stlth    ..........             (no amulet)
HPRegen  0.00/turn              (no ring)
MPRegen  0.08/turn              (no ring)

@: non-regenerating
A: damage resistance, heal wounds, sense surroundings 1, no regeneration
a: Heal Wounds


You were on level 4 of the Dungeon.
You were not hungry.

You visited 1 branch of the dungeon, and saw 3 of its levels.

You collected 25 gold pieces.

Inventory:

Hand Weapons
 a - a +0 war axe (weapon)
Armour
 b - a +0 scale mail (worn)
 c - a +0 kite shield (worn)
Jewellery
 j - an uncursed ring of see invisible {unknown}
   (You found it on level 2 of the Dungeon)
Scrolls
 g - 2 scrolls of fear {unknown}
 h - a scroll of identify {unknown}
 i - a scroll of remove curse {unknown}
Potions
 d - a potion of might
Comestibles
 e - a ration
 f - 3 chunks of flesh


   Skills:
 + Level 3.0 Fighting
 * Level 3.1 Axes
 + Level 3.6 Armour
 + Level 3.6 Shields


You had 2 spell levels left.
You didn't know any spells.
Your spell library was empty.

Dungeon Overview and Level Annotations

Branches:
Dungeon (2/15)

Altars:


Innate Abilities, Weirdness & Mutations

You are resistant to damage.
You can heal yourself by infusing magical energy.
You passively map a small area around you.
You do not regenerate.


Message History

The orc wizard hits you but does no damage.
The gnoll hits you with a +0 club. You block the gnoll's attack.
The orc barely misses you.
You are too injured to fight recklessly!
You are too injured to fight recklessly!
You feel much better.
The orc wizard gestures at you while chanting.
The puff of flame hits you. You block the gnoll's attack.
The gnoll hits you with a +0 club.
The gnoll hits you from afar with a +0 halberd!
You block the orc wizard's attack. The orc hits you but does no damage.
You closely miss the gnoll.
The gnoll is severely wounded.
Your shield and scale mail prevent you from hitting the orc.
You hit the gnoll. You hit the orc wizard.
The orc wizard gestures at you while chanting.
The puff of frost hits you! You block the gnoll's attack.
The gnoll hits you with a +0 club.
The gnoll hits you from afar with a +0 halberd!
You die...

, * *
########## *
*##..?......
.......... ,
#......... *
**
#)og.(.... *
#†@.......
#.gog.....
#.........
##+####### *
* * * * , ,
**


You could see an orc wizard, 3 gnolls and an orc.

Vanquished Creatures
  Terence (D:2)
  A gnoll (D:4)
  2 orcs (D:4)
  A goblin (D:1)
  A hobgoblin (D:1)
  A quokka (D:2)
  A frilled lizard (D:1)
8 creatures vanquished.

Notes
Turn   | Place    | Note
-------+----------+-------------------------------------------
     0 | D:1      | Flugslaktarn the Deep Dwarf Fighter began the quest for the
                  | Orb.
     0 | D:1      | Reached XP level 1. HP: 20/20 MP: 1/1
    92 | D:2      | Noticed Terence
   102 | D:2      | Killed Terence
   102 | D:2      | Reached XP level 2. HP: 25/27 MP: 2/2
   143 | D:2      | You fall into a shaft and drop 2 floors!
   145 | D:4      | Reached XP level 3. HP: 30/33 MP: 3/3
   151 | D:4      | Slain by a gnoll

Levels and vault maps discovered:
D:1:      dpeg_arrival_round_b, layout_loops_corners
D:2:      layout_rooms, first_ration, minmay_misc_feat_encased, uniq_terence
D:4:      layout_basic, temple_doors_e

Skill      XL: |  1  2  3 |
---------------+----------+-----
Axes           | 3 |  3.1
Fighting       | 3 |  3.0
Armour         | |  3.6
Shields        | |  3.6

Action                   || total
-------------------------++-------
Melee: War axe           ||    26
 Abil: Heal Wounds       ||     1
Armor: Scale mail        ||    20
Dodge: Dodged            ||    10
Block: Kite shield       ||    19

Table legend:
 A = Non-vault XP
 B = Vault XP
 C = Vault XP percentage of total XP
 D = Non-vault monster count
 E = Vault monster count
 F = Vault count percentage of total count
                 A         B        C        D         E       F
            +---------+---------+-------+---------+---------+-------
      Total |      28 |      32 |  53.3 |       7 |       1 |  12.5
            +---------+---------+-------+---------+---------+-------
        D:1 |       5 |       0 |   0.0 |       3 |       0 |   0.0
        D:2 |       2 |      32 |  94.1 |       1 |       1 |  50.0
        D:4 |      21 |       0 |   0.0 |       3 |       0 |   0.0
            +---------+---------+-------+---------+---------+-------
